 Dungeon Crawl Stone Soup version 0.22-a0-422-g9628fc8 (webtiles) character file.

85845 galech the Brawler (level 15, -3/153 HPs)
             Began as a Troll Monk on May 22, 2018.
             Was the Champion of Okawaru.
             Shot with an arrow by a centaur warrior (24 damage)
             ... on level 14 of the Dungeon.
             The game lasted 00:57:15 (22439 turns).

galech the Brawler (Troll Monk)                    Turns: 22439, Time: 00:57:16

Health: -3/153     AC:  7    Str: 24    XL:     15   Next: 39%
Magic:  19/23      EV: 16    Int:  6    God:    Okawaru [******]
Gold:   1604       SH:  0    Dex: 14    Spells: 22/26 levels left

rFire    + . .     SeeInvis +     - Unarmed
rCold    + + .     Gourm    +   (no shield)
rNeg     . . .     Faith    .   v - +0 robe of the Black Moon {rF+ rC+ Regen+ Str-2}
rPois    .         Spirit   .   D - +1 hat {SInv}
rElec    .         Reflect  .   x - +0 cloak
rCorr    .         Harm     .   (gloves unavailable)
MR       ++...                  (boots unavailable)
Stlth    ++++......             Z - amulet of Eternal Night {Acrobat rC+ Stlth+}
HPRegen  1.15/turn              z - ring of stealth
MPRegen  0.18/turn              Y - ring of protection from magic

@: no status effects
A: large, unfitting armour, claws 3, fast metabolism 3, gourmand, regeneration
1, shaggy fur 1, tough skin 2
a: Heroism, Finesse, Renounce Religion


You were on level 14 of the Dungeon.
You worshipped Okawaru.
Okawaru was exalted by your worship.
You were full.

You visited 4 branches of the dungeon, and saw 22 of its levels.
You also visited: Sewer and Ice Cave.

You collected 2246 gold pieces.
You spent 642 gold pieces at shops.

Inventory:

Hand Weapons
 R - the +10 shortbow of Spite {venom, +Inv rN+}
   (You found it in an ice cave)

   It poisons the ammo it fires.
   It protects you from negative energy.
   It lets you turn invisible.
Missiles
 U - 107 arrows
Armour
 v - the +0 robe of the Black Moon (worn) {rF+ rC+ Regen+ Str-2}
   (Okawaru gifted it to you on level 3 of the Lair of Beasts)

   It affects your strength (-2).
   It protects you from fire.
   It protects you from cold.
   It increases your rate of regeneration.
 x - a +0 cloak (worn)
 A - the +0 robe of the Endless Expanse {Regen+ Str-2 Int+9 Dex-4}
   (You found it on level 5 of the Dungeon)

   It affects your strength (-2).
   It affects your intelligence (+9).
   It affects your dexterity (-4).
   It increases your rate of regeneration.
 C - a +0 shield
 D - a +1 hat of see invisible (worn)
 H - a +0 troll leather armour
 K - a +2 robe of the Archmagi
 V - +0 acid dragon scales
 X - a +2 robe of positive energy
Jewellery
 a - an uncursed amulet of the acrobat {unknown}
 t - an uncursed amulet of harm
 w - an uncursed amulet of rage {unknown}
 z - a ring of stealth (left claw)
 M - an uncursed ring of ice
 O - an uncursed amulet of regeneration
 Y - a ring of protection from magic (right claw)
 Z - the amulet of Eternal Night (around neck) {Acrobat rC+ Stlth+}
   (You found it on level 11 of the Dungeon)

   [amulet of the acrobat]

   It helps you evade while moving and waiting.
   It protects you from cold.
   It makes you more stealthy.
Wands
 B - a wand of digging (26)
 J - a wand of paralysis (17)
Scrolls
 c - 4 scrolls of immolation
 e - 12 scrolls of teleportation
 h - 14 scrolls of enchant armour
 i - 10 scrolls of remove curse
 l - a scroll of brand weapon {unknown}
 m - 6 scrolls of amnesia
 n - a scroll of summoning
 p - a scroll of acquirement
 y - 7 scrolls of enchant weapon
 E - a scroll of fog
 G - 3 scrolls of fear
 I - a scroll of holy word
 L - a scroll of random uselessness {unknown}
 N - a scroll of silence
 S - 2 scrolls of magic mapping
Potions
 d - 3 potions of agility
 f - 3 potions of cancellation {unknown}
 g - 9 potions of curing
 j - 3 potions of ambrosia {unknown}
 k - 7 potions of heal wounds
 o - 2 potions of might {unknown}
 q - 2 potions of magic {unknown}
 r - 5 potions of lignification {unknown}
 s - 2 potions of degeneration {unknown}
 u - 4 potions of flight {unknown}
 Q - 3 potions of resistance
 T - 5 potions of brilliance
 W - 3 potions of haste {unknown}
Comestibles
 b - 36 rations


   Skills:
 + Level 11.0 Fighting
 + Level 11.0 Dodging
 - Level 1.0 Stealth
 * Level 17.1 Unarmed Combat
 - Level 6.1 Spellcasting
 - Level 5.7 Transmutations


You had 22 spell levels left.
You knew the following spells:

 Your Spells              Type           Power        Failure   Level  Hunger
a - Petrify               Tmut/Erth      #.......     63%         4    #####..

Your spell library contained the following spells:

 Spells                   Type           Power        Failure   Level  Hunger
 Bolt of Cold             Conj/Ice       #.........   100%        6    #######
 Confuse                  Hex            #.......     63%         3    ###....
 Freezing Cloud           Conj/Ice/Air   #.........   100%        6    #######
 Ozocubu's Refrigeration  Ice            #.........   100%        6    #######
 Ice Form                 Ice/Tmut       #.......     63%         4    #####..
 Confusing Touch          Hex            #.....       26%         1    #......
 Metabolic Englaciation   Hex/Ice        #.........   100%        5    ######.
 Simulacrum               Ice/Necr       #.........   100%        6    #######
 Gell's Gravitas          Tloc           #.........   63%         3    ###....
 Yara's Violent Unravell  Hex/Tmut       #.........   93%         5    ######.


Dungeon Overview and Level Annotations

Branches:
Dungeon (12/15)            Temple (1/1) D:5            Lair (6/6) D:10
  Swamp (0/4) Lair:3        Snake (0/4) Lair:3        Slime (0/5) Lair:6
    Orc (2/2) D:9             Elf (0/3) Orc:2

Altars:
Ashenzari
Cheibriados
Dithmenos
Elyvilon
Fedhas
Gozag
Hepliaklqana
Kikubaaqudgha
Makhleb
Nemelex Xobeh
Okawaru
Qazlal
Ru
Sif Muna
Trog
Uskayaw
Vehumet
Wu Jian
Xom
Yredelemnul
Zin
The Shining One
Beogh
Jiyva

Shops:
D:4 !   D:6 %   D:12 [   Orc:2 ?[?}

Annotations:
Lair:3 2 transporters


Innate Abilities, Weirdness & Mutations

You are too large for most types of armour.
You have claws for hands.
Your metabolism is lightning-fast.
You like to eat raw meat.
Your natural rate of healing is unusually fast.
You are covered in fur. (AC +1)
You have very tough skin. (AC +2)


Message History

Okawaru accepts your kill. The yak gores you! The yak completely misses you.
You barely miss the manticore. The manticore bites you!
* * * LOW HITPOINT WARNING * * *
The manticore claws you.
* * * LOW HITPOINT WARNING * * *
The manticore claws you.
* * * LOW HITPOINT WARNING * * *
The yak completely misses you. The yak gores you but does no damage.
You mangle the manticore!! You claw the manticore!
The manticore is severely wounded.
A centaur warrior comes into view.
You barely miss the manticore.
The manticore is severely wounded.
The manticore closely misses you. The manticore misses you. x2
The yak misses you. The yak gores you!
* * * LOW HITPOINT WARNING * * *
The centaur warrior wields a longbow.
The centaur warrior shoots an arrow.
The arrow hits you!!
You die...

....... .......
..$....
.......########
..............?
....?..........
.....c†H†......
#@Y......
##Y......
#..#### ..# .#
.# #


You could see a centaur warrior, a manticore and 2 yaks.

Vanquished Creatures
  Gastronok (Lair:3)
  Azrael (D:12)
  An ettin (D:11)
  A yaktaur captain (D:11)
  A fire dragon (D:11)
  3 ogre magi
  9 hydras
  Fannar (Lair:2)
  2 centaur warriors
  2 two-headed ogres
  11 death yaks
  6 catoblepae
  An orc high priest (Orc:2)
  Nergalle (Orc:2)
  A lindwurm (Lair:6)
  A necromancer (IceCv)
  10 orc sorcerers (Orc:2)
  An orc knight (Orc:2)
  2 cyclopes
  2 manticores (Lair:6)
  6 elephants (Lair:3)
  7 black mambas
  Maurice (D:8)
  3 ice statues (IceCv)
  6 spiny frogs
  A gargoyle (D:10)
  Psyche (D:8)
  2 torpor snails
  5 rime drakes
  8 komodo dragons
  5 trolls
  8 ice devils (IceCv)
  A queen bee (Lair:2)
  2 polar bears
  2 dream sheep (D:8)
  11 hippogriffs
  27 blink frogs
  3 slime creatures (D:12)
  65 yaks
  2 shadows
  A wraith (D:7)
  Eustachio (D:6)
  2 basilisks (Lair:1)
  2 fire elementals (D:12)
  3 wyverns
  A basilisk (shapeshifter) (D:14)
  Grum (D:8)
  3 hungry ghosts
  3 wargs (Orc:1)
  Edmund (D:6)
  4 swamp worms (Lair:3)
  3 nagas (Lair:3)
  An acid dragon (D:14)
  11 water moccasins
  3 hell hounds (D:12)
  10 porcupines
  15 orc warriors
  3 sky beasts
  2 black bears
  A necrophage (D:9)
  9 ogres
  5 ice beasts
  18 wolves
  7 centaurs
  13 crocodiles
  4 big kobolds
  19 bullfrogs
  3 scorpions
  24 killer bees (Lair:2)
  5 howler monkeys
  7 wights (D:6)
  2 electric eels
  3 crimson imps
  2 centaur zombies
  A bullfrog zombie (D:5)
  2 draconian simulacra (IceCv)
  4 hounds
  4 jellies
  14 orc priests
  A bullfrog skeleton (D:5)
  Crazy Yiuf (D:4)
  3 centaur skeletons
  2 gnoll shamans
  Natasha (thrice) (D:3)
  An iguana (D:4)
  35 orc wizards
  2 spriggan simulacra (IceCv)
  11 worker ants
  Ijyb (D:4)
  2 troll simulacra (IceCv)
  A killer bee zombie (D:5)
  A hound zombie (D:6)
  3 worker ant zombies
  18 gnolls
  15 adders
  A naga simulacrum (IceCv)
  3 ogre simulacra (IceCv)
  A river rat (Sewer)
  2 shadow imps
  3 white imps (D:11)
  2 oozes (D:1)
  3 adder skeletons
  5 worms
  A dart slug (D:4)
  7 leopard geckos
  78 orcs
  2 ball pythons
  8 giant cockroaches
  7 goblins
  6 hobgoblins
  6 jackals
  3 quokkas
  A ball python zombie (D:2)
  8 bats
  4 frilled lizards
  A giant cockroach zombie (D:2)
  16 kobolds
  A leopard gecko zombie (D:2)
  2 quokka zombies
  14 rats
  3 plants
729 creatures vanquished.

Vanquished Creatures (others)
  An orc wizard (Orc:2)
  A giant cockroach (D:2)
  10 fungi
  14 plants
26 creatures vanquished.

Grand Total: 755 creatures vanquished

Notes
Turn   | Place    | Note
-------+----------+-------------------------------------------
     0 | D:1      | galech the Troll Monk began the quest for the Orb.
     0 | D:1      | Reached XP level 1. HP: 22/22 MP: 0/0
   181 | D:1      | Reached XP level 2. HP: 29/29 MP: 1/1
   609 | D:1      | Reached XP level 3. HP: 20/36 MP: 2/2
   937 | D:2      | Found a glowing golden altar of the Shining One.
   968 | D:2      | Found a basalt altar of Yredelemnul.
  1177 | D:2      | Reached skill level 4 in Unarmed Combat
  1211 | D:2      | Found a radiant altar of Vehumet.
  1439 | D:2      | Reached XP level 4. HP: 35/44 MP: 3/3
  1599 | D:2      | Noticed an angel
  1824 | D:3      | Noticed a black bear
  1830 | D:3      | Reached XP level 5. HP: 48/53 MP: 4/4
  1835 | D:3      | Killed a black bear
  1835 | D:3      | Reached skill level 5 in Unarmed Combat
  1930 | D:3      | Noticed Natasha
  1935 | D:3      | Killed Natasha
  1935 | D:3      | Reached XP level 6. HP: 58/61 MP: 5/5
  1980 | D:3      | Noticed Natasha
  1986 | D:3      | Killed Natasha
  1995 | D:3      | Noticed Natasha
  2004 | D:3      | Killed Natasha
  2349 | D:4      | Found a stormy altar of Qazlal.
  2351 | D:4      | Found Loiko's Distillery.
  2364 | D:4      | Bought a potion of heal wounds for 60 gold pieces
  2364 | D:4      | Bought a potion of curing for 36 gold pieces
  2758 | D:4      | Found a glowing drain.
  2762 | Sewer    | Entered a sewer
  2839 | Sewer    | Reached skill level 6 in Unarmed Combat
  2839 | Sewer    | Reached XP level 7. HP: 60/68 MP: 6/6
  2879 | Sewer    | Found a white marble altar of Elyvilon.
  3013 | D:4      | Noticed Ijyb
  3024 | D:4      | Killed Ijyb
  3238 | D:4      | Found a runed door.
  3532 | D:4      | Noticed Crazy Yiuf
  3540 | D:4      | Killed Crazy Yiuf
  3588 | D:5      | Entered Level 5 of the Dungeon
  3707 | D:5      | Reached skill level 7 in Unarmed Combat
  3719 | D:5      | Found a sparkling altar of Nemelex Xobeh.
  3730 | D:5      | Reached XP level 8. HP: 66/79 MP: 7/7
  3772 | D:5      | Got a heavy robe
  3783 | D:5      | Identified the +0 robe of the Endless Expanse {Regen+ Str-2 Int+9 Dex-4} (You found it on level 5 of the Dungeon)
  3998 | D:5      | Found a staircase to the Ecumenical Temple.
  4014 | Temple   | Entered the Ecumenical Temple
  4159 | D:6      | Noticed Edmund
  4164 | D:6      | Killed Edmund
  4164 | D:6      | Reached skill level 5 in Fighting
  4164 | D:6      | Reached skill level 5 in Dodging
  4164 | D:6      | Reached skill level 8 in Unarmed Combat
  4374 | D:6      | Found a blossoming altar of Fedhas.
  4376 | D:6      | Noticed Eustachio
  4423 | D:6      | Killed Eustachio
  4423 | D:6      | Reached XP level 9. HP: 87/88 MP: 8/8
  4433 | D:6      | Reached skill level 9 in Unarmed Combat
  4608 | D:6      | Found Fueras's Food Shop.
  5003 | D:7      | Found a sacrificial altar of Ru.
  5133 | D:7      | Reached skill level 1 in Spellcasting
  5250 | D:7      | Got a fine war axe
  5251 | D:7      | Identified the +3 war axe "Polot" {chop, Dex+4} (You found it on level 7 of the Dungeon)
  5283 | D:7      | Found a shadowy altar of Dithmenos.
  5414 | D:8      | Noticed Psyche
  5419 | D:8      | Killed Psyche
  5419 | D:8      | Reached skill level 10 in Unarmed Combat
  5491 | D:8      | Noticed a two-headed ogre
  5493 | D:8      | Noticed Maurice
  5534 | D:8      | Killed a two-headed ogre
  5534 | D:8      | Reached XP level 10. HP: 36/100 MP: 11/11
  5642 | D:8      | Killed Maurice
  5785 | D:8      | Noticed Grum
  5792 | D:8      | Killed Grum
  6006 | D:8      | Found an iron altar of Okawaru.
  6014 | D:8      | Became a worshipper of Warmaster Okawaru
  6014 | D:8      | Reached * piety under Okawaru
  6014 | D:8      | Reached ** piety under Okawaru
  6029 | D:8      | Reached skill level 11 in Unarmed Combat
  6322 | D:8      | Noticed a three-headed hydra
  6331 | D:8      | Killed a nine-headed hydra
  6331 | D:8      | Reached *** piety under Okawaru
  6670 | D:9      | Found a staircase to the Orcish Mines.
  6849 | D:9      | Reached XP level 11. HP: 96/109 MP: 14/14
  6907 | D:9      | Noticed a centaur warrior
  6919 | D:9      | Killed a centaur warrior
  6955 | D:9      | Reached **** piety under Okawaru
  7410 | Orc:1    | Entered Level 1 of the Orcish Mines
  7415 | Orc:1    | Reached skill level 12 in Unarmed Combat
  7645 | Orc:1    | Learned a level 4 spell: Petrify
  8247 | Orc:2    | Entered Level 2 of the Orcish Mines
  8272 | Orc:2    | Noticed an orc sorcerer
  8282 | Orc:2    | Killed an orc sorcerer
  8282 | Orc:2    | Reached ***** piety under Okawaru
  8282 | Orc:2    | Reached skill level 1 in Transmutations
  8507 | Orc:2    | Received a gift from Okawaru
  8633 | Orc:2    | Noticed an orc knight
  8680 | Orc:2    | Killed an orc knight
  9016 | Orc:2    | Noticed an orc sorcerer
  9018 | Orc:2    | Noticed an orc high priest
  9087 | Orc:2    | Noticed an orc sorcerer
  9090 | Orc:2    | Noticed a soul eater
  9123 | Orc:2    | Killed an orc high priest
  9134 | Orc:2    | Killed an orc sorcerer
  9138 | Orc:2    | Noticed a sun demon
  9140 | Orc:2    | Killed an orc sorcerer
  9273 | Orc:2    | Noticed an orc sorcerer
  9288 | Orc:2    | Killed an orc sorcerer
  9599 | Orc:2    | Noticed an orc sorcerer
  9615 | Orc:2    | Killed an orc sorcerer
  9615 | Orc:2    | Reached XP level 12. HP: 80/119 MP: 17/17
  9706 | Orc:2    | Paralysed by an orc sorcerer for 7 turns
  9720 | Orc:2    | Paralysed by an orc sorcerer for 7 turns
  9729 | Orc:2    | Reached skill level 13 in Unarmed Combat
  9926 | Orc:2    | Noticed an ogre mage
  9939 | Orc:2    | Paralysed by an ogre mage for 7 turns
  9950 | Orc:2    | Killed an ogre mage
 10047 | Orc:2    | Found Fygius's Magic Scroll Shop.
 10065 | Orc:2    | Bought a scroll of identify for 28 gold pieces
 10065 | Orc:2    | Bought a scroll of enchant armour for 105 gold pieces
 10065 | Orc:2    | Bought a scroll of identify for 28 gold pieces
 10065 | Orc:2    | Bought a scroll of identify for 28 gold pieces
 10082 | Orc:2    | Found an ancient bone altar of Kikubaaqudgha.
 10082 | Orc:2    | Noticed Nergalle
 10178 | Orc:2    | Killed Nergalle
 10339 | Orc:2    | Noticed an ogre mage
 10357 | Orc:2    | Killed an ogre mage
 10464 | Orc:2    | Found a roughly hewn altar of Beogh.
 10464 | Orc:2    | Found Yceat's Magic Scroll Boutique.
 10515 | Orc:2    | Found Doqejok's Gadget Boutique.
 10525 | Orc:2    | Found Dukem's Antique Armour Shop.
 10551 | Orc:2    | Bought a scroll of teleportation for 42 gold pieces
 10551 | Orc:2    | Bought a scroll of teleportation for 42 gold pieces
 10551 | Orc:2    | Bought 3 scrolls of teleportation for 126 gold pieces
 10551 | Orc:2    | Bought a scroll of teleportation for 42 gold pieces
 10551 | Orc:2    | Bought a scroll of enchant armour for 105 gold pieces
 10564 | Orc:2    | Found a radiant altar of Vehumet.
 10911 | Orc:2    | Found a staircase to the Elven Halls.
 11147 | D:10     | Entered Level 10 of the Dungeon
 11235 | D:10     | Found a staircase to the Lair.
 11276 | D:10     | Noticed a two-headed ogre
 11282 | D:10     | Killed a two-headed ogre
 11784 | D:11     | Found a frozen archway.
 11829 | IceCv    | Entered an ice cave
 12068 | IceCv    | Received a gift from Okawaru
 12408 | IceCv    | Reached skill level 5 in Spellcasting
 12464 | IceCv    | Got a warped shortbow
 12725 | D:11     | Reached skill level 14 in Unarmed Combat
 12944 | D:11     | Reached XP level 13. HP: 109/130 MP: 19/19
 13186 | D:11     | Identified the +10 shortbow of Spite {venom, +Inv rN+} (You found it in an ice cave)
 13369 | D:11     | Noticed a fire dragon
 13369 | D:11     | Noticed an ettin
 13379 | D:11     | Killed a fire dragon
 13682 | D:11     | Killed an ettin
 13682 | D:11     | Received a gift from Okawaru
 13682 | D:11     | Reached ****** piety under Okawaru
 13966 | D:11     | Got a brightly glowing bronze amulet
 13968 | D:11     | Identified the amulet of Eternal Night {Acrobat rC+ Stlth+} (You found it on level 11 of the Dungeon)
 14109 | Lair:1   | Entered Level 1 of the Lair of Beasts
 15289 | Lair:2   | Reached skill level 5 in Transmutations
 15351 | Lair:2   | Noticed Fannar
 15373 | Lair:2   | Killed Fannar
 15594 | Lair:2   | Reached skill level 15 in Unarmed Combat
 16175 | Lair:2   | Reached XP level 14. HP: 140/140 MP: 21/21
 16309 | Lair:3   | Found a transporter.
 16350 | Lair:3   | Found a staircase to the Snake Pit.
 16477 | Lair:3   | Found a runed door.
 16658 | Lair:3   | Found a transporter.
 16687 | Lair:3   | Identified a scroll of acquirement
 16870 | Lair:3   | Received a gift from Okawaru
 16898 | Lair:3   | Got a transparent robe {god gift}
 16909 | Lair:3   | Identified the +0 robe of the Black Moon {rF+ rC+ Regen+ Str-2} (Okawaru gifted it to you on level 3 of the Lair of Beasts)
 17474 | Lair:3   | Noticed Gastronok
 17487 | Lair:3   | Killed Gastronok
 17608 | Lair:3   | Found a staircase to the Swamp.
 18539 | Lair:4   | Reached skill level 10 in Fighting
 18539 | Lair:4   | Reached skill level 10 in Dodging
 19419 | Lair:5   | Reached skill level 16 in Unarmed Combat
 19687 | Lair:5   | Got a translucent mace
 19688 | Lair:5   | Identified the +6 mace of Hard Scrabble {drain, rPois rF- Int+4 SInv} (You found it on level 5 of the Lair of Beasts)
 19799 | Lair:6   | Entered Level 6 of the Lair of Beasts
 20376 | Lair:6   | Found a staircase to the Slime Pits.
 20377 | Lair:6   | Found a viscous altar of Jiyva.
 20806 | Lair:6   | Received a gift from Okawaru
 20916 | Lair:6   | Reached XP level 15. HP: 118/152 MP: 21/23
 21640 | Lair:6   | Found the +4 Vampire's Tooth {vamp}
 22156 | D:12     | Reached skill level 17 in Unarmed Combat
 22217 | D:12     | Found Ruzek's Armour Shop.
 22224 | D:12     | Received a gift from Okawaru
 22226 | D:12     | Noticed Azrael
 22241 | D:12     | Killed Azrael
 22395 | D:12     | You fall through a shaft for 2 floors!
 22423 | D:14     | Received a gift from Okawaru
 22439 | D:14     | Shot with an arrow by a centaur warrior

Vault maps used:
D:1:      lightli_arrival_chessboard, kennysheep_minor_cross
D:2:      fiery_altar_vehumet, grunt_temple_overflow_holy_war, serial_undead,
          serial_undead_a, serial_undead_c, serial_undead_d, serial_undead_c
D:3:      serial_bayou_lagoon_a, kennysheep_generic_room_16, uniq_natasha
D:4:      lemuel_crystal_altar, gup_sewer_entry_spiral, first_ration,
          serial_shops, nicolae_shop_stone, uniq_crazy_yiuf_cottage, uniq_ijyb
D:5:      lemuel_doored_altar, temple_hall
D:6:      fedhas_altar_1, serial_shops, nicolae_shop_behind_doors,
          uniq_eustachio, uniq_edmund
D:7:      nicolae_overflow_crystal_walls, lemuel_crystal_altar
D:8:      lemuel_crystal_altar, hangedman_ranch, kennysheep_decorative_pillar,
          st_stairs_6, nicolae_zen_rock_garden, uniq_psyche, uniq_maurice,
          uniq_grum
D:9:      orc_0_dummy
D:10:     david_lair_shrubbed, serial_park_tiny_pond
D:11:     minmay_sliced_demisemicircle, serial_ice, serial_ice_n, serial_ice_l,
          serial_ice_a, serial_ice_g, portal_ice_cave_rime,
          mumra_transporter_accident
D:12:     serial_shops, shop, interstate_on_off, nicolae_gozag_seed_capital,
          uniq_azrael
D:14:     kennysheep_demon_hangout, lightli_vaults_fourway_checkpoint,
          hangedman_abyss_or_decor_jellyfish_corner, basic_altar, uniq_rupert
Temple:   cyrus_circular_temple
Lair:1:   hibernation_bobbens, serial_bayou_shore_a, grunt_megastairs_4
Lair:2:   special_room, uniq_fannar
Lair:3:   gammafunk_cloud_chamber, nicolae_swamp_entry_splash_gauntlet,
          guppyfry_snake_entry_island, pf_torpor_hydra,
          infiniplex_staircase_pool_2, uniq_gastronok
Lair:5:   grunt_megastairs_1, infiniplex_staircase_pool
Lair:6:   evilmike_catoblepas_cave, slime_altar_1
Orc:2:    kennysheep_orc_mage_school, special_room
Sewer:    sewer_kobolds
IceCv:    ice_cave_tombish

Skill      XL: |  1  2  3  4  5  6  7  8  9 10 11 12 13 14 15 |
---------------+----------------------------------------------+-----
Unarmed Combat | 4 5 6 7 8 10 11 12 14 15 16 17 | 17.1
Fighting       | 3 4 5 6 7 8 9 10 11 | 11.0
Dodging        | 3 4 5 6 7 8 9 10 11 | 11.0
Spellcasting   | 1 3 4 5 6 |  6.1
Transmutations | 2 4 5 |  5.7
Stealth        | |  1.0

Action                   |  1- 3 |  4- 6 |  7- 9 | 10-12 | 13-15 || total
-------------------------+-------+-------+-------+-------+-------++-------
Melee: Unarmed           |    98 |   219 |   280 |   792 |  1019 ||  2408
       Punch             |       |     4 |     4 |    50 |   117 ||   175
Invok: Heroism           |       |       |       |     8 |    19 ||    27
       Finesse           |       |       |       |       |     2 ||     2
  Use: Scroll            |       |       |       |    14 |     7 ||    21
       Potion            |       |       |       |     2 |     1 ||     3
 Stab: Sleeping          |     4 |     1 |     8 |     9 |    25 ||    47
       Distracted        |       |       |     1 |     1 |     2 ||     4
       Petrifying        |       |       |       |       |     3 ||     3
  Eat: Chunk             |    17 |    15 |    25 |    63 |    95 ||   215
       Ration            |       |       |       |     1 |       ||     1
Armor: Robe              |    39 |    62 |    57 |   112 |    81 ||   351
       Troll leather arm |       |       |       |    69 |    41 ||   110
       Acid dragon scale |       |       |       |       |    51 ||    51
Dodge: Dodged            |    50 |   142 |   129 |   465 |   686 ||  1472

Table legend:
 A = Spawn XP
 B = Non-spawn XP
 C = Spawn XP percentage of total XP
 D = Spawn monster count
 E = Non-spawn monster count
 F = Spawn count percentage of total count
 G = Total turns spent on level
                    A         B        C        D         E        F      G
               +---------+---------+-------+---------+---------+-------+---------
         Total |       0 |  122636 |   0.0 |       0 |     726 |   0.0 | 22439
               +---------+---------+-------+---------+---------+-------+---------
           D:1 |       0 |      49 |   0.0 |       0 |      25 |   0.0 |   893
           D:2 |       0 |      55 |   0.0 |       0 |      15 |   0.0 |   739
           D:3 |       0 |     426 |   0.0 |       0 |      42 |   0.0 |   691
           D:4 |       0 |     376 |   0.0 |       0 |      24 |   0.0 |  1179
           D:5 |       0 |     898 |   0.0 |       0 |      21 |   0.0 |   391
           D:6 |       0 |    1619 |   0.0 |       0 |      34 |   0.0 |   714
           D:7 |       0 |     734 |   0.0 |       0 |       8 |   0.0 |   673
           D:8 |       0 |    5978 |   0.0 |       0 |      56 |   0.0 |  1126
           D:9 |       0 |    2802 |   0.0 |       0 |      26 |   0.0 |   797
          D:10 |       0 |    2075 |   0.0 |       0 |       8 |   0.0 |   759
          D:11 |       0 |   11554 |   0.0 |       0 |      55 |   0.0 |  1423
          D:12 |       0 |    3520 |   0.0 |       0 |      13 |   0.0 |   251
          D:14 |       0 |    2363 |   0.0 |       0 |      14 |   0.0 |    44
        Lair:1 |       0 |    8481 |   0.0 |       0 |      38 |   0.0 |  1099
        Lair:2 |       0 |    9210 |   0.0 |       0 |      57 |   0.0 |  1121
        Lair:3 |       0 |   13808 |   0.0 |       0 |      36 |   0.0 |  2006
        Lair:4 |       0 |    4980 |   0.0 |       0 |      17 |   0.0 |  1081
        Lair:5 |       0 |    9157 |   0.0 |       0 |      22 |   0.0 |   759
        Lair:6 |       0 |   24002 |   0.0 |       0 |      65 |   0.0 |  1911
         Orc:1 |       0 |    3066 |   0.0 |       0 |      46 |   0.0 |   918
         Orc:2 |       0 |   12412 |   0.0 |       0 |      72 |   0.0 |  2799
         Sewer |       0 |     127 |   0.0 |       0 |      10 |   0.0 |   162
         IceCv |       0 |    4944 |   0.0 |       0 |      22 |   0.0 |   838
               +---------+---------+-------+---------+---------+-------+---------
